 Dungeon Crawl Stone Soup version 0.22-a0-91-g23542c2 (webtiles) character file.

8 sageofstar the Skirmisher (level 2, 0/24 HPs)
             Began as a Demonspawn Abyssal Knight on Jan 23, 2018.
             Was a Follower of Lugonu.
             Slain by a jackal (1 damage)
             ... on level 1 of the Dungeon.
             The game lasted 00:01:13 (334 turns).

sageofstar the Skirmisher (DsAK)                     Turns: 334, Time: 00:01:13

Health: 0/24       AC:  4    Str: 12    XL:     2   Next: 0%
Magic:  3/3        EV: 13    Int: 13    God:    Lugonu [*.....]
Gold:   46         SH:  0    Dex: 12    Spells: 1/1 levels left

rFire    . . .     SeeInvis .   a - +1 spear
rCold    . . .     Gourm    .   (no shield)
rNeg     . . .     Faith    .   b - +0 leather armour
rPois    .         Spirit   .   (no helmet)
rElec    .         Reflect  .   (no cloak)
rCorr    .         Harm     .   (no gloves)
MR       .....                  h - +0 pair of boots
Stlth    +.........             (no amulet)
HPRegen  0.08/turn              (no ring)
MPRegen  0.08/turn              (no ring)

@: no status effects
A: repulsion field 1
a: Depart the Abyss, Renounce Religion


You were on level 1 of the Dungeon.
You worshipped Lugonu.
Lugonu was aware of your devotion.
You were not hungry.

You visited 1 branch of the dungeon, and saw 1 of its levels.
You visited the Abyss 1 time.

You collected 46 gold pieces.

Inventory:

Hand Weapons
 a - a +1 spear (weapon)
Armour
 b - a +0 leather armour (worn)
 h - a +0 pair of boots (worn)
Jewellery
 e - a cursed amulet of inaccuracy {unknown}
Scrolls
 g - a scroll of identify {unknown}
Comestibles
 c - 2 rations


   Skills:
 + Level 3.2 Fighting
 + Level 2.0 Polearms
 + Level 1.9 Armour
 + Level 0.8 Dodging
 + Level 2.4 Invocations


You had one spell level left.
You didn't know any spells.

Dungeon Overview and Level Annotations

Branches:
Dungeon (1/15)

Altars:


Innate Abilities, Weirdness & Mutations

You are surrounded by a mild repulsion field. (EV +2)


Message History

You kill the jackal!
Lugonu accepts your kill. The jackal bites you.
* * * LOW HITPOINT WARNING * * *
The giant cockroach bites you but does no damage.
You barely miss the rat.
The jackal bites you but does no damage.
The rat bites you.
* * * LOW HITPOINT WARNING * * *
The giant cockroach closely misses you. The jackal misses you.
You hit the rat.
You kill the rat!
Lugonu accepts your kill.
You have reached level 2!
Your demonic ancestry asserts itself...
You begin to radiate repulsive energy.
The jackal closely misses you. The giant cockroach closely misses you.
You hit the giant cockroach but do no damage.
The jackal bites you.
You die...

#.............##..........
################..........
########....#..........
####......#....######.....
..........#...............
..........#...............
.........##...........#...
........h##...........#...
........s@................
........†....####.........
......#...................
......#...................
..... #...................
..... ####................
.... #................
.[.. #................
########.........


You could see a jackal and a giant cockroach.

Vanquished Creatures
  A giant cockroach (D:1)
  A goblin (D:1)
  2 hobgoblins (D:1)
  A jackal (D:1)
  A bat (D:1)
  A rat (D:1)
7 creatures vanquished.

Notes
Turn   | Place    | Note
-------+----------+-------------------------------------------
     0 | Abyss:1  | sageofstar the Demonspawn Abyssal Knight began the quest for the Orb.
     0 | Abyss:1  | Reached XP level 1. HP: 18/18 MP: 2/2
    22 | D:1      | Escaped the Abyss
   333 | D:1      | Gained mutation: You are surrounded by a mild repulsion field. (EV +2) [demonic ancestry]
   333 | D:1      | Reached XP level 2. HP: 1/24 MP: 3/3
   334 | D:1      | Slain by a jackal

Vault maps used:
D:1:      lemuel_arrival_hallway

Skill      XL: |  1 |
---------------+----+-----
Polearms       | 2 |  2.0
Fighting       | |  3.2
Armour         | |  1.9
Dodging        | |  0.8
Invocations    | |  2.4

Action                   || total
-------------------------++-------
Melee: Spear             ||    36
  Use: Potion            ||     2
Armor: Leather armour    ||    12
Dodge: Dodged            ||    37

Table legend:
 A = Spawn XP
 B = Non-spawn XP
 C = Spawn XP percentage of total XP
 D = Spawn monster count
 E = Non-spawn monster count
 F = Spawn count percentage of total count
 G = Total turns spent on level
                    A         B        C        D         E        F      G
               +---------+---------+-------+---------+---------+-------+---------
         Total |       0 |      12 |   0.0 |       0 |       7 |   0.0 |   334
               +---------+---------+-------+---------+---------+-------+---------
           D:1 |       0 |      12 |   0.0 |       0 |       7 |   0.0 |   312
               +---------+---------+-------+---------+---------+-------+---------
